Map: Prion Terraces

Players

Ebalin

  • Race: Terran Terran
  • League: Gold

LindyHop - Winner!

  • Race: Zerg Zerg

VOD

Have the link to the VOD?

Description

Time

  • Played on: Nov. 27, 2015, 8:40 p.m.
  • Length: 19:39
Show
View Real Time Build Order
Export as new Build Order

Ebalin Terran 

Build Orders:  

Get SALT Encoding   

  12  0:02  SCV  
  13  0:14  SCV  
  14  0:23  Supply Depot  
  14  0:26  SCV  
  15  0:34  Refinery  
  15  0:45  SCV  
  15  0:48  Barracks  
  16  0:57  SCV  
  17  1:09  SCV  
  18  1:21  SCV  
  19  1:33  SCV  
  19  1:38  Supply Depot, Barracks Reactor  
  20  1:46  Orbital Command  
  20  1:57  Factory  
  20  2:10  Command Center  
  20  2:12  SCV  
  21  2:20  Marine  
  21  2:21  Marine  
  23  2:24  SCV  
  24  2:36  SCV  
  25  2:45  Supply Depot  
  25  2:56  Barracks Tech Lab  
  25  3:10  Hellion x2  
  29  3:16  SCV  
  29  3:18  Marauder  
  31  3:31  Hellion  
  31  3:32  Hellion  
  35  3:44  SCV  
  36  3:52  Barracks  
  38  3:56  SCV, Hellion  
  38  4:01  Hellion  
  41  4:15  SCV x2  
  43  4:30  SCV  
  43  4:31  SCV  
  39  4:54  SCV x2  
  39  5:05  Marauder  
  39  5:06  SCV  
  42  5:10  SCV  
  42  5:11  Marine x2  
  42  5:12  Factory Tech Lab  
  42  5:14  Bunker  
  45  5:18  SCV  
  45  5:19  Command Center  
  46  5:23  SCV  
  46  5:26  Barracks  
  46  5:27  Marauder  
  46  5:28  Supply Depot  
  49  5:29  Marine  
  49  5:30  SCV, Marine  
  49  5:34  Refinery  
  52  5:36  SCV  
  52  5:42  SCV, Siege Tank  
  57  5:48  Marauder  
  59  5:55  Marine x2  
  61  6:05  Refinery  
  61  6:10  Marauder  
  63  6:14  Siege Tank  
  63  6:16  Barracks Tech Lab  
  66  6:19  Engineering Bay  
  66  6:25  Stimpack  
  66  6:31  Marauder, Marine  
  69  6:37  SCV x2  
  71  6:48  Engineering Bay  
  71  6:51  SCV x2  
  71  6:52  Marauder, Marine x2  
  71  6:53  Marauder  
  79  6:55  Terran Infantry Weapons Level 1  
  79  6:56  Barracks  
  79  6:59  Refinery  
  79  7:07  SCV x2  
  81  7:09  Marine  
  81  7:10  Marine  
  81  7:12  Refinery  
  81  7:13  Marauder  
  85  7:21  SCV, Supply Depot, Marauder  
  88  7:23  Supply Depot  
  88  7:33  SCV  
  88  7:35  Marauder  
  91  7:39  Missile Turret  
  91  7:42  Marauder  
  91  7:44  Armory, SCV  
  93  7:45  SCV, Barracks  
  93  7:47  Marine  
  93  7:48  Marine  
  93  7:50  Barracks Reactor  
  97  7:54  Missile Turret  
  97  7:55  Marine  
  97  7:56  SCV  
  99  7:59  SCV, Missile Turret  
  99  8:03  Marine  
  101  8:05  Marine  
  101  8:08  SCV  
  101  8:11  SCV x2  
  105  8:19  Missile Turret, Marine x2  
  107  8:20  SCV  
  107  8:23  SCV  
  109  8:39  Supply Depot  
  109  8:45  Thor, Missile Turret, SCV  
  116  8:49  Factory  
  116  8:51  Marine  
  117  9:00  Marine x5  
  117  9:01  Supply Depot  
  122  9:17  Marine x2  
  122  9:18  Marine  
  122  9:22  Terran Infantry Weapons Level 2  
  122  9:24  Supply Depot  
  125  9:26  Terran Vehicle Weapons Level 1  
  125  9:28  Supply Depot  
  125  9:35  Factory Tech Lab  
  123  9:49  Concussive Shells  
  123  10:00  Starport  
  123  10:04  Planetary Fortress  
  123  10:10  Missile Turret  
  123  10:14  Missile Turret  
  123  10:15  Thor x2, Refinery  
  123  10:20  Terran Infantry Armor Level 1  
  135  10:29  Supply Depot  
  134  10:59  Factory Tech Lab  
  133  11:15  Marine x4  
  137  11:23  Missile Turret  
  137  11:26  Missile Turret  
  137  11:29  Thor x2  
  149  11:43  SCV x2  
  151  11:50  Starport Reactor  
  151  11:55  SCV, Missile Turret  
  151  11:56  Missile Turret  
  151  11:58  Hi-Sec Auto Tracking  
  152  12:05  Marine  
  152  12:06  Marine x2  
  155  12:11  Barracks x2  
  155  12:13  Barracks  
  155  12:14  Building Armor  
  155  12:15  Supply Depot  
  155  12:20  Supply Depot  
  155  12:24  Supply Depot  
  155  12:28  Terran Vehicle Weapons Level 2  
  155  12:36  Thor  
  160  12:38  Medivac x2  
  160  12:41  Thor  
  170  12:54  Missile Turret  
  170  13:08  Medivac x2  
  170  13:09  Marine  
  170  13:10  Marine  
  176  13:14  Supply Depot  
  176  13:16  Supply Depot  
  176  13:17  Missile Turret  
  176  13:35  Thor x2  
  176  13:37  Barracks Reactor  
  176  13:38  Barracks Reactor, Missile Turret, Medivac x2  
  192  13:41  Barracks Reactor, Barracks  
  192  13:47  Factory  
  192  14:00  Command Center  
  191  14:17  Marine x6  
  195  14:38  Command Center  
  195  14:41  Missile Turret  
  195  14:43  Missile Turret  
  195  14:45  Terran Vehicle And Ship Armor Level 1  
  156  14:50  Marine x6  
  156  14:51  Marauder  
  156  14:52  Thor x2  
  138  14:54  Medivac  
  144  15:03  Missile Turret  
  144  15:05  Missile Turret  
  143  15:08  Marine x3  
  143  15:13  Marauder  
  146  15:26  Missile Turret, Marine x3  
  147  15:34  Marauder  
  147  15:35  Thor x2  
  149  15:39  Marine  
  149  15:40  Marine x5  
  147  15:44  Marine  
  125  15:50  Marine x2  
  125  15:55  Marine  
  116  16:00  Refinery  
  116  16:04  Marine x5  
  117  16:05  Medivac x2  
  125  16:13  Marauder  
  125  16:14  Refinery  
  125  16:18  Thor x2  
  139  16:26  Marine x3  
  139  16:27  Marine x5  
  147  16:35  Marauder  
  149  16:46  Command Center, Marine x2  
  149  16:47  Marine x2  
  151  16:50  Medivac x2  
  151  16:52  Marine  
  158  16:56  Marauder  
  158  16:57  Barracks Tech Lab  
  158  16:58  Orbital Command  
  154  17:31  Marine x2  
  154  17:32  Viking, Refinery, Marine x2  
  154  17:33  Viking  
  154  17:36  Refinery  
  143  17:43  Marine x4  
  111  17:49  Planetary Fortress  
  96  17:54  Marine x3  
  96  17:56  Thor  
  105  18:02  Viking  
  105  18:03  Viking  
  105  18:13  SCV  
  105  18:18  Marine  
  105  18:19  Marine x2  
  106  18:25  SCV  
  100  18:32  Viking x2  
  102  18:37  Missile Turret, Marine x3  
  102  18:38  Marine x2  
  105  18:44  Marauder, Marine x3  
  96  18:58  Marine  
  96  18:59  Marine  
  96  19:02  Viking x2  
  95  19:05  Marauder  
  82  19:10  Marine x2  
  82  19:16  Marine x2  
  82  19:17  Marine  
  68  19:20  Marine x2  
  68  19:21  Marine  
Show
View Real Time Build Order
Export as new Build Order

LindyHop Zerg - Winner!

Build Orders: Hatch First 

Get SALT Encoding   

  12  0:01  Drone  
  13  0:08  Drone  
  14  0:39  Hatchery  
  14  0:41  Overlord  
  13  0:48  Drone  
  14  0:59  Drone x2  
  16  1:09  Spawning Pool  
  15  1:13  Drone  
  15  1:17  Drone  
  17  1:26  Drone  
  17  1:27  Extractor  
  17  1:35  Drone  
  18  1:52  Drone x2  
  20  1:56  Queen  
  22  2:04  Queen  
  24  2:09  Zergling x2  
  24  2:10  Zergling x2  
  26  2:15  Overlord  
  26  2:26  Drone  
  26  2:27  Drone  
  26  2:29  Overlord  
  28  2:34  Metabolic Boost  
  28  2:46  Drone x2  
  28  2:47  Drone x2  
  32  2:54  Extractor  
  32  2:57  Drone  
  32  3:13  Drone x7  
  32  3:17  Drone x2  
  32  3:18  Drone  
  42  3:29  Zergling x2  
  42  3:30  Zergling x2  
  44  3:35  Hatchery  
  44  3:41  Spine Crawler  
  40  3:43  Spine Crawler  
  39  3:51  Roach Warren, Drone x2  
  39  3:52  Drone x2  
  42  4:04  Lair  
  42  4:06  Drone  
  42  4:07  Overlord x3  
  43  4:10  Extractor  
  42  4:26  Zergling x4  
  42  4:27  Zergling x6  
  45  4:36  Roach  
  45  4:37  Roach x5  
  55  4:51  Roach  
  55  4:52  Roach x2  
  61  4:57  Drone  
  61  4:58  Drone  
  63  5:12  Drone, Queen  
  63  5:13  Hatchery, Drone  
  66  5:16  Drone x3  
  69  5:25  Evolution Chamber  
  68  5:29  Drone  
  68  5:30  Drone  
  68  5:32  Extractor  
  68  5:33  Roach x2  
  68  5:34  Overlord x3  
  73  5:43  Overlord x2, Spire  
  72  5:57  Drone x3  
  75  6:10  Hatchery  
  74  6:12  Roach x4  
  74  6:13  Zergling x12  
  88  6:18  Extractor  
  88  6:19  Extractor  
  86  6:25  Drone x3  
  86  6:28  Drone  
  90  6:33  Drone  
  91  6:54  Mutalisk x2  
  91  6:55  Mutalisk  
  97  7:03  Mutalisk  
  99  7:12  Drone x3  
  99  7:13  Drone x4  
  106  7:17  Zerg Ground Armor Level 1  
  106  7:21  Mutalisk, Extractor x2  
  106  7:30  Burrow  
  106  7:42  Mutalisk  
  108  7:52  Mutalisk  
  110  8:00  Zergling x4  
  110  8:01  Zergling x6  
  110  8:05  Drone x6  
  120  8:06  Drone  
  120  8:09  Hatchery  
  121  8:14  Mutalisk x2  
  121  8:17  Overlord x4  
  121  8:18  Overlord  
  124  8:30  Zerg Flyer Weapons Level 1  
  124  8:37  Mutalisk x4  
  132  8:42  Zergling x6  
  132  8:43  Zergling x6  
  138  8:49  Overseer  
  138  8:51  Hydralisk Den  
  137  9:08  Evolution Chamber  
  136  9:13  Mutalisk  
  136  9:14  Mutalisk x4  
  146  9:18  Zergling x12  
  146  9:19  Zergling x6  
  155  9:26  Baneling Nest, Muscular Augments  
  154  9:54  Zerg Ground Armor Level 2  
  154  9:55  Zerg Melee Weapons Level 1  
  153  10:03  Hydralisk  
  153  10:04  Hydralisk x5  
  153  10:06  Hydralisk  
  165  10:18  Overlord x3  
  165  10:19  Overlord x4  
  165  10:32  Mutalisk x3  
  171  10:44  Mutalisk x3  
  177  11:09  Mutalisk x2  
  177  11:10  Zergling x2  
  177  11:11  Zergling x8  
  184  11:23  Infestation Pit  
  183  11:38  Mutalisk x4  
  183  11:39  Mutalisk  
  191  11:56  Zerg Melee Weapons Level 2  
  191  12:15  Hive  
  191  12:17  Corruptor x4  
  193  13:00  Corruptor x4  
  195  13:23  Hatchery  
  195  13:25  Extractor  
  195  13:27  Extractor  
  192  13:28  Greater Spire  
  187  14:09  Baneling x2  
  177  14:10  Baneling x6  
  177  14:11  Baneling x4  
  177  14:22  Centrifical Hooks  
  126  14:48  Roach  
  126  14:51  Zergling x18  
  126  14:52  Zergling x30  
  124  14:58  Brood Lord x8  
  134  15:04  Zergling x2  
  134  15:05  Zergling x10  
  140  15:11  Hatchery  
  138  15:18  Zerg Ground Armor Level 3  
  138  15:19  Hatchery  
  138  15:20  Zerg Melee Weapons Level 3  
  135  15:32  Zergling x10  
  137  15:41  Corruptor x6  
  134  15:44  Hydralisk  
  134  15:45  Hydralisk  
  128  15:57  Hydralisk  
  128  15:58  Hydralisk x3  
  136  16:15  Hydralisk  
  136  16:16  Hydralisk x4  
  146  16:27  Hatchery  
  146  16:28  Zergling x6  
  146  16:29  Extractor, Zergling x8  
  146  16:30  Extractor  
  150  16:56  Zergling x14  
  150  16:57  Zergling x26  
  170  17:13  Zergling x2  
  170  17:14  Zergling x14  
  177  17:24  Brood Lord x2  
  179  17:34  Zergling x2  
  179  17:35  Zergling x26  
  147  17:40  Hydralisk x5  
  147  17:41  Hydralisk  
  128  17:53  Zergling x2  
  128  17:54  Zergling x12  
  128  17:57  Zergling x2  
  128  18:27  Zergling x2  
  128  18:28  Zergling x32  
  128  18:29  Corruptor, Zergling x8  
  141  18:39  Corruptor x2  
  136  18:46  Zergling x14  
  134  19:00  Zergling x2  
  134  19:01  Zergling x12  
  142  19:03  Zergling x2  
  135  19:11  Hydralisk  
  135  19:12  Hydralisk x3  
Tags
 
Add a new tag
Caveats
  • Supply blocks, unpowered buildings, or Contaminate may cause inaccurate times.
  • Supply counts are checked every 10 seconds.